 Dungeon Crawl Stone Soup version 0.27.1-3-gb3d3a73c9e (webtiles) character file.

Game seed: 2192092852595925278

83 Eitelfritz the Chucker (level 4, 0/45 HPs)
             Began as an Ogre Hunter on Oct 12, 2021.
             Succumbed to an adder's poison
             ... on level 2 of the Dungeon.
             The game lasted 00:06:03 (2185 turns).

Eitelfritz the Chucker (Ogre Hunter)                Turns: 2185, Time: 00:06:03

Health: 0/45       AC:  3    Str: 17    XL:     4   Next: 44%
Magic:  4/4        EV: 14    Int: 12    God:
Gold:   88         SH:  0    Dex:  9    Spells: 3/3 levels left

rFire    . . .     SeeInvis .   a - +0 mace
rCold    . . .     Faith    .   (no shield)
rNeg     . . .     Spirit   .   b - +0 robe
rPois    .         Reflect  .   (helmet restricted)
rElec    .         Harm     .   (no cloak)
rCorr    .         Rampage  .   (gloves unavailable)
Will     .....                  (boots unavailable)
Stlth    +.........             (no amulet)
HPRegen  0.15/turn              j - +4 ring of evasion
MPRegen  0.09/turn              (no ring)

@: lethally poisoned (0 -> -7)
A: large, unfitting armour, tough skin 1
a: no special abilities


You were on level 2 of the Dungeon.
You visited 1 branch of the dungeon, and saw 3 of its levels.

You collected 88 gold pieces.

Inventory:

Hand Weapons
 a - a +0 mace (weapon)
 i - a +0 short sword
 k - a +0 whip
Missiles
 c - 2 large rocks (quivered)
 d - 2 throwing nets
Armour
 b - a +0 robe (worn)
Jewellery
 j - a +4 ring of evasion (left hand)
Wands
 l - a wand of paralysis (10)
Scrolls
 e - 4 scrolls of identify {unknown}
 f - 2 scrolls of blinking {unknown}
 h - a scroll of torment {unknown}
Potions
 g - a potion of mutation {unknown}
 m - 2 potions of haste {unknown}


   Skills:
 + Level 3.0 Fighting
 + Level 0.3 Short Blades
 + Level 0.5 Maces & Flails
 + Level 5.0 Throwing
 + Level 2.2 Dodging
 + Level 1.3 Stealth


You had 3 spell levels left.
You didn't know any spells.
Your spell library was empty.

Dungeon Overview and Level Annotations

Branches:
Dungeon (3/15)

Altars:


Innate Abilities, Weirdness & Mutations

You are too large for most types of armour.
You have tough skin. (AC +1)


Message History

You barely miss the adder.
The adder is severely wounded.
You feel sick. The adder closely misses you.
The adder bites you but does no damage. The adder closely misses you.
The adder misses you.
You hit the adder.
You kill the adder!
You feel sick. The adder misses you. The ball python barely misses you.
Your Fighting skill increases to level 3!
Unknown command.
You hit the ball python.
You kill the ball python!
You feel sick. The adder closely misses you. x2
Found 10 gold pieces.
You feel sick. The adder bites you but does no damage.
Items here: †††††.
You feel sick.
You are no longer poisoned.
You barely miss the adder. The adder bites you but does no damage.
The adder bites you.
You are poisoned.
The adder poisons you!
You hit the adder but do no damage.
You feel sick. The adder closely misses you. The adder bites you.
* * * LOW HITPOINT WARNING * * *
You barely miss the adder.
You feel sick. The adder closely misses you.
You closely miss the adder.
You feel sick.
You are no longer poisoned.
The adder bites you.
* * * LOW HITPOINT WARNING * * *
You are poisoned.
The adder poisons you! The adder barely misses you.
You closely miss the adder.
* * * LOW HITPOINT WARNING * * *
You feel sick. The adder bites you.
* * * LOW HITPOINT WARNING * * *
You are more poisoned.
The adder poisons you! The adder bites you.
* * * LOW HITPOINT WARNING * * *
You miss the adder.
You die...

#.######..#######
#.#..............
#.####......#.........
............+.........
#.......###+#.........
#.#####.##............
#$)$#..'............
#.).#..#.<..########
#..@#...##.##
#.###S##..#.#
#...#.#....#
#...##.##..#
...#...#.#...#
#..###.. #(##.# ...#
#.. #?#.# ... #.# ## #
.# ..


You could see an adder.

Vanquished Creatures
  2 adders (D:2)
  2 worms (D:2)
  2 dart slugs (D:1)
  An orc (D:3)
  3 bats (D:1)
  3 endoplasms
  2 giant cockroaches
  2 goblins
  5 hobgoblins
  6 jackals
  3 quokkas
  3 ball pythons
  4 frilled lizards
  6 kobolds
  7 rats (D:1)
51 creatures vanquished.

Vanquished Creatures (others)
  4 plants (D:1)
4 creatures vanquished.

Grand Total: 55 creatures vanquished

Notes
Turn   | Place    | Note
-------+----------+-------------------------------------------
     0 | D:1      | Eitelfritz the Ogre Hunter began the quest for the Orb.
     0 | D:1      | Reached XP level 1. HP: 22/22 MP: 1/1
   108 | D:1      | Reached XP level 2. HP: 29/29 MP: 2/2
   642 | D:1      | Reached XP level 3. HP: 36/36 MP: 3/3
  1513 | D:2      | You fall into a shaft and drop 1 floor!
  1517 | D:3      | Reached skill level 1 in Stealth
  1783 | D:2      | Found a faded altar of an unknown god.
  1934 | D:2      | Reached skill level 5 in Throwing
  1977 | D:2      | Reached XP level 4. HP: 44/44 MP: 4/4
  2184 | D:2      | HP: 2/45 [adder (2)]
  2185 | D:2      | Succumbed to an adder's poison

Illustrated notes

Levels and vault maps discovered:
D:1:      wander_arrival_peaceful_grave, layout_loops_ring,
          roderic_serpentine_path, hangedman_decor_slide_cut,
          minmay_misc_feat_chi, minivault_23, chequers_big_river
D:2:      layout_basic, hellmonk_ecumenical_altar_lost_god, serial_aquarium,
          aquarium_bridge_square [aquarium_subvault_bridge,
          aquarium_subvault_wall, aquarium_subvault_wall,
          aquarium_subvault_wall], aquarium_window_corridor_2,
          aquarium_window_1, aquarium_window_corner, aquarium_view_2d,
          aquarium_view_2c, aquarium_balcony_double_4, minmay_vboxes,
          uniq_crazy_yiuf_cottage
D:3:      layout_basic

Skill      XL: |  1  2  3  4 |
---------------+-------------+-----
Dodging        | 2 |  2.2
Stealth        | 1 |  1.3
Throwing       | 5 |  5.0
Fighting       | 3 |  3.0
Short Blades   | |  0.3
Maces & Flails | |  0.5

Action                   |  1- 3 |  4- 6 || total
-------------------------+-------+-------++-------
Melee: Short sword       |    36 |       ||    36
       Whip              |    31 |       ||    31
       Mace              |    22 |    41 ||    63
Throw: Large rock        |    42 |       ||    42
       Throwing net      |     1 |       ||     1
 Stab: Sleeping          |     2 |       ||     2
Armor: Robe              |    41 |    17 ||    58
Dodge: Dodged            |    64 |    38 ||   102
